 Dungeon Crawl Stone Soup version 0.17-a0-1007-gb2305a1 (webtiles) character file.

53 PhynixH2O the Poker (level 3, -14/31 HPs)
             Began as a Draconian Abyssal Knight on May 13, 2015.
             Was a Believer of Lugonu.
             Engulfed by a cloud of flame (20 damage)
             ... on level 2 of the Dungeon.
             The game lasted 00:09:47 (1633 turns).

PhynixH2O the Poker (Draconian Abyssal Knight)      Turns: 1633, Time: 00:09:47

Health: -14/31     AC:  5    Str: 15    XL:     3   Next: 62%
Magic:  4/4        EV: 12    Int: 12    God:    Lugonu [**....]
Gold:   72         SH:  0    Dex: 10    Spells: 0 memorised, 2 levels left

rFire  . . .     SeeInvis .     a - +1 spear
rCold  . . .     Clarity  .     (armour unavailable)
rNeg   . . .     SustAb   .     (no shield)
rPois  .         Gourm    .     (helmet restricted)
rElec  .         Spirit   .     (no cloak)
rCorr  .         Warding  .     (no gloves)
rMut   .         Stasis   .     (no boots)
MR     .....                    (no amulet)
Stlth  ++........               (no ring)
                                k - ring of stealth

@: not resistant to hostile enchantments, unstealthy
A: unfitting armour, cold-blooded, AC +5
a: Depart the Abyss, Bend Space, Renounce Religion


You were on level 2 of the Dungeon.
You worshipped Lugonu.
Lugonu was pleased with you.
You were not hungry.

You visited 1 branch of the dungeon, and saw 2 of its levels.
You visited the Abyss 1 time.

You collected 72 gold pieces.

Inventory:

Hand weapons
 a - a +1 spear (weapon)
Missiles
 c - 5 tomahawks (quivered)
Jewellery
 k - a ring of stealth (left hand)
Scrolls
 i - 2 scrolls of identify {unknown}
 l - a scroll of teleportation {unknown}
 n - a scroll of amnesia {unknown}
 p - a scroll of enchant weapon {unknown}
 q - a scroll of magic mapping {unknown}
Potions
 e - a potion of curing {unknown}
 g - a potion of might {unknown}
 h - a potion of haste {unknown}
 m - a potion of brilliance {unknown}
Comestibles
 b - a bread ration
 j - a beef jerky
 o - a slice of pizza


   Skills:
 - Level 3.2 Fighting
 * Level 4.0 Polearms
 - Level 2.1 Dodging
 - Level 2.0 Invocations


You had 2 spell levels left.
You didn't know any spells.

Dungeon Overview and Level Annotations

Branches:
Dungeon (2/15)

Altars:


Innate Abilities, Weirdness & Mutations

Your plain brown scales are hard (AC +5).
Your body does not fit into most forms of armour.
You are cold-blooded and may be slowed by cold attacks.


Message History

As you read the scroll labeled GOLYOL MAIT, it crumbles to dust.
The creatures around you are filled with an inner flame!
It was a scroll of immolation.
The bat closely misses you.
You miss the bat. The bat barely misses you. The bat closely misses you.
You hit the bat but do no damage. The bat barely misses you.
The bat closely misses you. The bat misses you.
You barely miss the bat. The bat hits you.
You closely miss the bat.
Your tail-slap misses the bat.
The bat hits you. The bat hits you but does no damage.
You miss the bat. The bat barely misses you.
You hit the bat.
The bat explodes!
The fiery explosion engulfs you!
Ouch! That really hurt!
* * * LOW HITPOINT WARNING * * *
Lugonu accepts your kill.
You are engulfed in roaring flames.
Ouch! That really hurt!
You die...

###
..#
#.#
#.#
#.#
#<#
#.#
#@#
#.#
#ยง#
#.#
#..
##.
..
.#
.#


There were no monsters in sight!

Vanquished Creatures
  A gnoll (D:1)
  6 bats
  3 giant cockroaches (D:1)
  7 goblins (D:1)
  7 hobgoblins (D:1)
  4 jackals (D:1)
  A giant gecko (D:1)
  3 giant newts (D:1)
  8 kobolds (D:1)
  A rat (D:1)
41 creatures vanquished.

Notes
Turn   | Place    | Note
--------------------------------------------------------------
     0 | Abyss:1  | PhynixH2O the Draconian Abyssal Knight began the quest for the Orb.
     0 | Abyss:1  | Reached XP level 1. HP: 19/19 MP: 2/2
    62 | D:1      | Escaped the Abyss
   180 | D:1      | Reached XP level 2. HP: 17/26 MP: 3/3
   513 | D:1      | Acquired Lugonu's second power
   680 | D:1      | Reached XP level 3. HP: 19/31 MP: 4/4
  1191 | D:1      | Reached skill level 4 in Polearms
  1633 | D:2      | Engulfed by a cloud of flame

Vault maps used:
D:1:      lightli_arrival_statuegarden, fountainhead, grunt_decor_arrowhead,
          st_stairs_3, hangedman_decor_clover_reticule
D:2:      first_bread, uniq_terence, uniq_iyjb, uniq_natasha

Action                   || total
-------------------------++-------
Melee: Spear             ||   151
Throw: Tomahawk          ||     1
  Use: Scroll            ||     2
  Eat: Chunk             ||     2
